 Dungeon Crawl Stone Soup version 0.17.1-3-g152610e (webtiles) character file.

5557 Grim the Carver (level 10, -12/99 HPs)
             Began as a Minotaur Berserker on Mar 10, 2016.
             Was a High Priest of Trog.
             Shot with a bolt by an orc warrior (13 damage)
             ... in a bailey.
             The game lasted 00:21:31 (8788 turns).

Grim the Carver (Minotaur Berserker)                Turns: 8788, Time: 00:21:31

Health: -12/99     AC: 15    Str: 22    XL:     10   Next: 44%
Magic:  9/9        EV: 11    Int:  4    God:    Trog [*****.]
Gold:   464        SH:  0    Dex: 13    Spells: 0 memorised, 9 levels left

rFire  . . .     SeeInvis .     a - +0 falchion
rCold  + . .     Clarity  .     U - +2 scale mail {rC+}
rNeg   . . .     SustAt   .     (no shield)
rPois  .         Gourm    .     M - +2 hat
rElec  .         Spirit   .     G - +0 cloak
rCorr  .         Warding  .     B - +0 pair of gloves
rMut   .         Stasis   .     g - +0 pair of boots
MR     .....                    H - amulet of faith
Stlth  ..........               O - +2 ring of protection
                                p - +1 ring of evasion

@: not resistant to hostile enchantments, extremely unstealthy
A: retaliatory headbutt, horns 2
a: Berserk, Trog's Hand, Brothers in Arms, Burn Spellbooks, Renounce Religion


You were in a bailey.
You worshipped Trog.
Trog was extremely pleased with you.
You were not hungry.

You visited 1 branch of the dungeon, and saw 9 of its levels.
You also visited: Sewer and Bailey.

You collected 464 gold pieces.

Inventory:

Hand Weapons
 a - a +0 falchion (weapon)
 T - a +6 great sword of holy wrath
Armour
 g - a +0 pair of boots (worn)
 n - a cursed +0 plate armour
 B - a +0 pair of gloves (worn)
 G - a +0 cloak (worn)
 M - a +2 hat (worn)
 U - a +2 scale mail of cold resistance (worn)
Jewellery
 p - a +1 ring of evasion (left hand)
 s - a +4 ring of strength {unknown}
 E - a +2 ring of intelligence
 H - an amulet of faith (around neck)
 O - a +2 ring of protection (right hand)
 Q - an uncursed ring of flight
Wands
 h - a wand of frost (22)
 v - a wand of flame (35)
 D - a wand of confusion (35)
 P - a wand of draining (5)
Scrolls
 b - 5 scrolls of remove curse
 d - 4 scrolls of magic mapping
 i - 4 scrolls of fear
 k - a scroll of immolation
 m - 2 scrolls of teleportation
 q - 2 scrolls of fog
 y - 2 scrolls of recharging
 I - 2 scrolls of noise {unknown}
 J - 2 scrolls of summoning {unknown}
 N - a scroll of enchant weapon {unknown}
 R - a scroll of brand weapon {unknown}
 S - 2 scrolls of blinking {unknown}
 W - a scroll of acquirement {unknown}
Potions
 e - 2 potions of cure mutation {!q}
 j - 2 potions of agility
 l - a potion of beneficial mutation {unknown}
 o - 2 potions of curing
 r - 5 potions of heal wounds
 t - 3 potions of flight
 F - 2 potions of ambrosia
 L - a potion of invisibility {unknown}
Books
 u - a book of Annihilations

   Spells                             Type                      Level
   a - Poison Arrow                   Conjuration/Poison           6
   b - Chain Lightning                Conjuration/Air              8
   c - Lehudib's Crystal Spear        Conjuration/Earth            8
   d - Glaciate                       Conjuration/Ice              9
   e - Fire Storm                     Conjuration/Fire             9
   Trog disapproves of the use of such an item.
 C - a book of Annihilations

   Spells                             Type                      Level
   a - Poison Arrow                   Conjuration/Poison           6
   b - Chain Lightning                Conjuration/Air              8
   c - Lehudib's Crystal Spear        Conjuration/Earth            8
   d - Glaciate                       Conjuration/Ice              9
   e - Fire Storm                     Conjuration/Fire             9
   Trog disapproves of the use of such an item.
 K - a book of Burglary

   Spells                             Type                      Level
   a - Swiftness                      Charms/Air                   2
   b - Passwall                       Transmutation/Earth          3
   c - Passage of Golubria            Translocation                4
   d - Lee's Rapid Deconstruction     Earth                        5
   e - Darkness                       Hexes                        6
   f - Invisibility                   Hexes                        6
   Trog disapproves of the use of such an item.
Comestibles
 c - 7 bread rations
 f - 7 beef jerkies
 w - 6 meat rations
 x - a slice of pizza
 z - 2 royal jellies
 A - 2 fruits


   Skills:
 * Level 12.4 Fighting
 - Level 14.0 Long Blades
 - Level 2.4 Armour
 - Level 2.1 Dodging


You had 9 spell levels left.
You didn't know any spells.

Dungeon Overview and Level Annotations

Branches:
Dungeon (9/15)             Temple (0/1) D:5
   Lair: D:8-11         Orc: D:9-12

Altars:
Ashenzari
Dithmenos
Elyvilon
Kikubaaqudgha
Nemelex Xobeh
Qazlal
Ru
Trog
Xom
The Shining One


Innate Abilities, Weirdness & Mutations

You reflexively headbutt those who attack you in melee.
You have a pair of horns on your head.


Message History

You see here a bolt.
The orc warrior unwields an uncursed arbalest.
The orc warrior hits you but does no damage.
You miss the orc warrior. Your headbutt misses the orc warrior.
The orc warrior shoots a bolt.
The bolt barely misses you. The orc warrior hits you!
* * * LOW HITPOINT WARNING * * *
You hit the orc warrior. Your headbutt misses the orc warrior.
The orc warrior is lightly wounded.
The orc warrior hits you!
* * * LOW HITPOINT WARNING * * *
The orc warrior shoots a bolt.
The bolt closely misses you. The orc warrior hits you!
* * * LOW HITPOINT WARNING * * *
You see here a bolt.
The orc warrior shoots a bolt.
The bolt hits you!
* * * LOW HITPOINT WARNING * * *
The orc warrior wields an uncursed arbalest.
The orc warrior shoots a bolt.
The bolt hits you!
You die...

#......≈##.##≈...........
#......≈≈#o#≈≈............
#.......≈≈≈≈≈.............
#.........................
#......(.(..(((...........
#.........................
#..(.(.........(.(........
#.∩.........(.o..(........
#∩.............(@((.......
##########################


You could see 2 orc warriors.

Vanquished Creatures
  The ghost of kirsanium the Fighter, a novice DsCK of Dithmenos (D:9)
  A troll (D:9)
  5 yaks (D:8)
  A hippogriff (D:7)
  3 ice beasts
  2 orc warriors
  2 phantoms
  A sky beast (D:6)
  6 ogres
  A necrophage (D:8)
  8 centaurs
  2 giant frogs
  The ghost of Name63 the Chiller, an amateur GrIE of Vehumet (D:4)
  A wyvern zombie (D:8)
  5 scorpions
  A crimson imp (D:8)
  A centaur zombie (D:7)
  2 jellies
  3 centaur skeletons
  3 hounds
  6 orc wizards
  4 orc priests
  A gnoll shaman (D:8)
  Natasha (thrice) (D:4)
  3 iguanas
  10 worker ants
  A killer bee zombie (D:7)
  A hound skeleton (D:5)
  Robin (D:4)
  A river rat (D:6)
  9 adders
  12 gnolls
  A shadow imp (D:7)
  5 oozes
  An adder zombie (D:9)
  An adder skeleton (D:6)
  5 worms
  5 giant geckos
  23 orcs
  6 ball pythons
  13 bats
  19 goblins
  10 hobgoblins
  9 kobolds
  7 quokkas
  9 giant cockroaches
  5 giant newts
  17 jackals
  9 rats
247 creatures vanquished.

Vanquished Creatures (others)
  A goblin (D:1)
1 creature vanquished.

Grand Total: 248 creatures vanquished

Notes
Turn   | Place    | Note
--------------------------------------------------------------
     0 | D:1      | Grim the Minotaur Berserker began the quest for the Orb.
     0 | D:1      | Reached XP level 1. HP: 19/19 MP: 0/0
   205 | D:1      | Reached skill level 4 in Long Blades
   449 | D:1      | Reached XP level 2. HP: 24/26 MP: 1/1
   542 | D:1      | Reached skill level 5 in Long Blades
   567 | D:1      | Reached XP level 3. HP: 28/31 MP: 2/2
   572 | D:1      | Reached ** piety under Trog
  1391 | D:2      | Reached skill level 6 in Long Blades
  1391 | D:2      | Reached XP level 4. HP: 33/39 MP: 3/3
  2018 | D:3      | Reached *** piety under Trog
  2030 | D:3      | Reached XP level 5. HP: 43/45 MP: 4/4
  2270 | D:4      | Noticed a phantom
  2277 | D:4      | Reached skill level 7 in Long Blades
  2285 | D:4      | Killed a phantom
  2299 | D:4      | Noticed Robin
  2306 | D:3      | Reached skill level 8 in Long Blades
  2352 | D:4      | Killed Robin
  2356 | D:4      | Reached XP level 6. HP: 51/51 MP: 5/5
  2527 | D:4      | Noticed Natasha
  2543 | D:4      | Killed Natasha
  2660 | D:4      | Found a shimmering altar of Xom.
  2696 | D:4      | Noticed Natasha
  2710 | D:4      | Killed Natasha
  2800 | D:4      | Noticed an ogre
  2810 | D:4      | Killed an ogre
  2810 | D:4      | Reached skill level 9 in Long Blades
  2963 | D:4      | Noticed Natasha
  2967 | D:4      | Killed Natasha
  3092 | D:4      | Found a shadowy altar of Dithmenos.
  3287 | D:4      | Noticed Name63's ghost (amateur GrIE)
  3300 | D:4      | Killed Name63's ghost
  3300 | D:4      | Reached XP level 7. HP: 57/57 MP: 6/6
  3443 | D:4      | Reached skill level 10 in Long Blades
  3735 | D:5      | Entered Level 5 of the Dungeon
  3944 | D:5      | Reached skill level 11 in Long Blades
  3950 | D:5      | Reached **** piety under Trog
  3960 | D:5      | Received a gift from Trog
  3960 | D:5      | Reached XP level 8. HP: 26/64 MP: 7/7
  4413 | D:5      | Reached skill level 12 in Long Blades
  4794 | D:5      | Found a staircase to the Ecumenical Temple.
  4803 | D:5      | Reached skill level 13 in Long Blades
  5365 | D:6      | Found a glowing drain.
  5376 | D:6      | Reached XP level 9. HP: 66/70 MP: 8/8
  5445 | Sewer    | Entered a sewer
  5575 | Sewer    | Reached ***** piety under Trog
  5970 | D:6      | Found a shattered altar of Ashenzari.
  5992 | D:6      | Reached skill level 14 in Long Blades
  6272 | D:7      | Received a gift from Trog
  6646 | D:7      | Reached skill level 5 in Fighting
  6726 | D:7      | Found a white marble altar of Elyvilon.
  7224 | D:7      | Found a glowing golden altar of the Shining One.
  7605 | D:8      | Found a sparkling altar of Nemelex Xobeh.
  7669 | D:8      | Found an ancient bone altar of Kikubaaqudgha.
  7669 | D:8      | Found a sacrificial altar of Ru.
  7670 | D:8      | Found a sparkling altar of Nemelex Xobeh.
  8176 | D:8      | Reached skill level 10 in Fighting
  8195 | D:8      | Reached XP level 10. HP: 94/94 MP: 9/9
  8445 | D:9      | Found a bloodstained altar of Trog.
  8518 | D:9      | Found a stormy altar of Qazlal.
  8525 | D:9      | Found a flagged portal.
  8532 | D:9      | Received a gift from Trog
  8562 | D:9      | Noticed kirsanium's ghost (novice DsCK)
  8586 | D:9      | Killed kirsanium's ghost
  8619 | Bailey   | Entered a bailey
  8788 | Bailey   | HP: 1/99 [orc warrior/bolt (14)]
  8788 | Bailey   | Shot with a bolt by an orc warrior

Action                   |  1- 3 |  4- 6 |  7- 9 | 10-12 || total
-------------------------+-------+-------+-------+-------++-------
Melee: Falchion          |    92 |   172 |   516 |    91 ||   871
Invok: Trog's Hand       |       |     2 |       |       ||     2
       Berserk           |       |     3 |     3 |     1 ||     7
  Use: Potion            |       |     1 |       |       ||     1
       Scroll            |       |       |    11 |     3 ||    14
  Eat: Chunk             |       |    10 |    19 |     2 ||    31
       Bread ration      |       |       |       |     1 ||     1
